 Dungeon Crawl Stone Soup version 0.30.1-11-g7821555f0a (webtiles) character file.

Game seed: 15905892189595018111

945 Okkudo the Chopper (level 8, -2/71 HPs)
             Began as a Hill Orc Monk on Nov 28, 2023.
             Was a Believer of Beogh.
             Slain by Menkaure (17 damage)
             ... on level 5 of the Dungeon.
             The game lasted 00:26:43 (5284 turns).

Okkudo the Chopper (Hill Orc Monk)                  Turns: 5284, Time: 00:26:44

Health: -2/71      AC: 13    Str: 16      XL:     8   Next: 13%
Magic:  11/11      EV:  5    Int: 10      God:    Beogh [**....]
Gold:   232        SH:  0    Dex: 12 (13) Spells: 7/7 levels left

rFire   . . .        a - +0 hand axe
rCold   . . .        d - orb {light}
rNeg    . . .        w - +0 plate armour {rPois}
rPois   +            (no helmet)
rElec   .            f - +0 cloak
rCorr   .            (no gloves)
SInv    +            p - +0 pair of boots
Will    .....        (no amulet) Stlth
                     A - ring of see invisible
HPRegen 0.31/turn    (no ring)
MPRegen 0.12/turn

%: clarity
@: glowing
A: talons 1, clarity
a: Renounce Religion, Smiting


You were on level 5 of the Dungeon.
You worshipped Beogh.
Beogh was pleased with you.
You visited 1 branch of the dungeon, and saw 5 of its levels.

You collected 232 gold pieces.

Inventory:

Hand Weapons
 a - a +0 hand axe (weapon)
 h - a +1 long sword of holy wrath
Missiles
 i - 3 silver javelins
 z - 18 poisoned darts (quivered)
Armour
 d - an orb of light (worn)
 f - a +0 cloak (worn)
 p - a +0 pair of boots (worn)
 w - a +0 plate armour of poison resistance (worn)
Jewellery
 A - a ring of see invisible (left hand)
Wands
 t - a wand of polymorph (4)
Scrolls
 b - a scroll of fear
 e - a scroll of amnesia
 g - a scroll of vulnerability
 k - a scroll of blinking
 o - a scroll of fog
 q - 2 scrolls of teleportation
 v - 2 scrolls of noise
 x - a scroll of magic mapping
 y - a scroll of brand weapon {unknown}
 B - a scroll of torment {unknown}
Potions
 c - a potion of ambrosia
 j - 2 potions of mutation
 l - a potion of berserk rage {unknown}
 m - 2 potions of attraction {unknown}
 n - a potion of brilliance {unknown}
 r - 3 potions of curing
 s - a potion of cancellation {unknown}
 u - a potion of degeneration {unknown}
 C - a potion of heal wounds {unknown}
 D - a potion of lignification {unknown}


   Skills:
 * Level 6.4 Fighting
 * Level 7.8 Axes
 + Level 2.6 Armour
 - Level 3.6 Dodging
 + Level 0.8 Shields
 * Level 4.9 Invocations


You had 7 spell levels left.
You didn't know any spells.
Your spell library contained the following spells:

 Spells                   Type           Power      Damage    Failure   Level
 Summon Small Mammal      Summ           0%         N/A       100%        1
 Call Canine Familiar     Summ           0%         N/A       100%        3
 Dazzling Flash           Conj/Hex       0%         N/A       100%        3
 Summon Guardian Golem    Hex/Summ       0%         N/A       100%        3
 Volatile Blastmotes      Fire/Tloc      0%         2d10      100%        3
 Animate Dead             Necr           0%         N/A       100%        4
 Iskenderun's Mystic Bla  Conj/Tloc      0%         2d3       100%        4
 Borgnjor's Vile Clutch   Necr/Erth      0%         N/A       100%        5
 Death Channel            Necr           0%         N/A       100%        6
 Starburst                Conj/Fire      0%         6d3       100%        6


Dungeon Overview and Level Annotations

Branches:
Dungeon (5/15)             Temple (0/1) D:4

Altars:
Gozag
Okawaru
Wu Jian
Zin

Shops:
D:4 [

Annotations:
D:4 exclusion: sky beast
D:5 Menkaure, Sigmund


Innate Abilities, Weirdness & Mutations

You have sharp toenails.
You possess an exceptional clarity of mind.


Message History

* * * LOW HITPOINT WARNING * * *
Blink to where?
Press: ? - help, Dir - move target
As you read the scroll of blinking, it crumbles to dust.
Menkaure calls on the powers of darkness!
Your body is wracked with pain!
* * * LOW HITPOINT WARNING * * *
As you read the scroll of teleportation, it crumbles to dust.
You feel strangely unstable.
Your surroundings suddenly seem different.
You start resting.
HP restored.
You are a level 8 Hill Orc Monk.
You are 13% of the way to level 9.
Play time: 00:26:04 (5271 turns).
Zot will find you in 24719 turns if you stay in this branch and explore no new floors.
Menkaure calls on the powers of darkness!
Your body is wracked with pain!
Menkaure shrieks, "Why can't you leave me to my rest?"
Menkaure hits you.
You hit Menkaure.
Menkaure is lightly damaged.
Menkaure hits you but does no damage.
You hit Menkaure.
Menkaure is lightly damaged.
Menkaure hits you!
You barely miss Menkaure.
Menkaure is lightly damaged.
You hit Menkaure.
Menkaure is moderately damaged.
Menkaure calls on the powers of darkness!
Your body is wracked with pain!
* * * LOW HITPOINT WARNING * * *
You hit Menkaure.
Menkaure is heavily damaged.
Menkaure gestures wildly while chanting.
Menkaure seems to speed up.
You hit Menkaure.
Menkaure is severely damaged.
Menkaure hits you!
You die...

#..# #..# #.. ##
#..# #..# ##. .##
#..# #..# ## ..##
#..# #..# ##### #
#..## #..# #..#
##...## ##
##..####..#
#..######.....#####.
#...##...#
#...##.......♣##.#..
##.......#
##...#.#.....♣.#....
#......##
##@..........♣#....
##...###
#M........._♣#....
#####
#...........♣#....
#..........♣♣#..##
##.[.........######
##[[##........# #
##..####......## ##
##..## ##......# ##.
##..## #.....## ##..


You could see Menkaure (fast).

Vanquished Creatures
  Eustachio (D:5)
  An ice beast (D:5)
  A sky beast (D:4)
  An ogre (D:5)
  A howler monkey (D:4)
  2 hounds (D:3)
  3 jellies
  2 iguanas
  Jessica (D:3)
  A sleepcap (D:4)
  3 orc wizards (D:5)
  2 gnolls (D:5)
  7 adders
  2 ufetubi (D:5)
  A dart slug (D:4)
  7 orcs
  7 endoplasms
  5 giant cockroaches
  7 goblins
  6 hobgoblins
  2 jackals (D:2)
  4 quokkas
  12 ball pythons
  3 bats
  3 frilled lizards
  8 kobolds
  7 rats
100 creatures vanquished.

Vanquished Creatures (others)
  A quokka (D:3)
1 creature vanquished.

Grand Total: 101 creatures vanquished

Notes
Turn   | Place    | Note
-------+----------+-------------------------------------------
     0 | D:1      | Okkudo the Hill Orc Monk began the quest for the Orb.
     0 | D:1      | Reached XP level 1. HP: 19/19 MP: 1/1
   266 | D:1      | Reached XP level 2. HP: 27/27 MP: 2/2
   798 | D:2      | Reached XP level 3. HP: 27/33 MP: 3/3
  1067 | D:2      | Reached XP level 4. HP: 33/41 MP: 4/4
  1081 | D:2      | Reached skill level 5 in Axes
  1765 | D:3      | Reached XP level 5. HP: 36/47 MP: 5/5
  1790 | D:3      | Reached skill level 5 in Fighting
  1828 | D:3      | Became a worshipper of Beogh the Brigand
  1828 | D:3      | Reached * piety under Beogh
  1828 | D:3      | Reached ** piety under Beogh
  1868 | D:3      | Found an ornate altar of the Wu Jian Council.
  1883 | D:3      | Noticed Jessica
  1896 | D:3      | Killed Jessica
  1981 | D:3      | Found an opulent altar of Gozag.
  2638 | D:4      | Found Vousm's Antique Armour Shoppe.
  2689 | D:3      | Gained mutation: You possess an exceptional clarity of
                  | mind. [potion of mutation]
  2689 | D:3      | Gained mutation: You have sharp toenails. [potion of
                  | mutation]
  2756 | D:4      | Reached XP level 6. HP: 52/56 MP: 6/6
  2880 | D:4      | Found a staircase to the Ecumenical Temple.
  2916 | D:4      | Reached skill level 6 in Axes
  2918 | D:4      | Reached skill level 1 in Invocations
  3114 | D:4      | Noticed a sky beast
  3130 | D:4      | Killed a sky beast
  3131 | D:4      | Reached skill level 1 in Armour
  3599 | D:5      | Entered Level 5 of the Dungeon
  3619 | D:5      | Reached XP level 7. HP: 62/62 MP: 8/8
  3703 | D:5      | Found a glowing silver altar of Zin.
  3776 | D:5      | Reached skill level 7 in Axes
  3929 | D:5      | Noticed Eustachio
  3946 | D:5      | Killed Eustachio
  4403 | D:5      | Found an iron altar of Okawaru.
  4655 | D:5      | Reached XP level 8. HP: 64/70 MP: 11/11
  4909 | D:5      | Noticed Sigmund
  4910 | D:5      | Noticed Menkaure
  5284 | D:5      | Slain by Menkaure

Illustrated notes

Levels and vault maps discovered:
D:1:      shiori_arrival_maze, layout_loops_ring
D:2:      layout_basic
D:3:      layout_rooms, minitemple, uniq_jessica
D:4:      layout_loops_cross, minmay_temple_entry_ruins, minmay_shop_grid_forest
D:5:      layout_layer_cave, zin_academy, okawaru_metal_pillars_1_2,
          amcnicky_mini_rare_corridor_liquid, uniq_menkaure, uniq_eustachio,
          uniq_sigmund

Skill      XL: |  1  2  3  4  5  6  7 |
---------------+----------------------+-----
Fighting       | 4 5 6 |  6.4
Dodging        | 3 |  3.6
Axes           | 5 6 7 |  7.8
Invocations    | 2 4 |  4.9
Armour         | 1 2 |  2.6
Shields        | |  0.8

Action                     |  1- 3 |  4- 6 |  7- 9 || total
---------------------------+-------+-------+-------++-------
  Melee: Hand axe          |    97 |   171 |   103 ||   371
  Throw: Javelin           |       |     3 |     7 ||    10
 Invoke: Convert to Beogh  |       |     1 |       ||     1
    Use: Scroll            |       |     8 |     3 ||    11
         Potion            |       |     1 |     1 ||     2
 Armour: Robe              |    16 |       |       ||    16
         Plate armour      |    21 |   107 |   109 ||   237
         Skin              |       |     5 |       ||     5
  Dodge: Dodged            |    65 |    48 |    31 ||   144
